 Dungeon Crawl Stone Soup version 0.25.1-2-g60ff931df9 (webtiles) character file.

Game seed: 11621210730267512406

116 JustSomeDude the Chopper (level 4, -10/34 HPs)
             Began as a Demonspawn Gladiator on Sept 1, 2020.
             Was a Follower of Jiyva.
             Killed by divine providence
             ... invoked by an orc priest
              (13 damage)
             ... on level 2 of the Dungeon on Sept 3, 2020.
             The game lasted 00:06:13 (1467 turns).

JustSomeDude the Chopper (Demonspawn Gladiator)     Turns: 1467, Time: 00:06:14

Health: -10/34     AC:  5    Str: 16    XL:     4   Next: 69%
Magic:  4/4        EV: 15    Int:  9    God:    Jiyva [*.....]
Gold:   26         SH:  0    Dex: 14    Spells: 3/3 levels left

rFire    . . .     SeeInvis .   a - +0 war axe
rCold    . . .     Gourm    .   (no shield)
rNeg     . . .     Faith    .   b - +0 leather armour
rPois    .         Spirit   .   (helmet restricted)
rElec    .         Reflect  .   (no cloak)
rCorr    .         Harm     .   k - +0 pair of gloves
MR       .....                  i - +0 pair of boots
Stlth    +.........             (no amulet)
HPRegen  0.11/turn              (no ring)
MPRegen  0.09/turn              (no ring)

@: no status effects
A: antennae 2, repulsion field 1
a: Request Jelly, Renounce Religion


You were on level 2 of the Dungeon.
You worshipped Jiyva.
Jiyva was aware of your devotion.
You were not hungry.

You visited 1 branch of the dungeon, and saw 2 of its levels.

You collected 26 gold pieces.

Inventory:

Hand Weapons
 a - a +0 war axe (weapon)
Missiles
 d - 3 throwing nets (quivered)
Armour
 b - a +0 leather armour (worn)
 c - a +0 helmet
 i - a +0 pair of boots (worn)
 k - a +0 pair of gloves (worn)
Scrolls
 g - a scroll of fog {unknown}
 h - a scroll of enchant armour {unknown}
 l - a scroll of teleportation {unknown}
Potions
 e - a potion of haste {unknown}
 j - a potion of lignification {unknown}
Comestibles
 f - 2 rations
 m - a chunk of flesh


   Skills:
 + Level 2.4 Fighting
 + Level 3.9 Axes
 + Level 2.0 Throwing
 + Level 1.1 Armour
 + Level 3.3 Dodging
 + Level 0.1 Stealth


You had 3 spell levels left.
You didn't know any spells.
Your spell library was empty.

Dungeon Overview and Level Annotations

Branches:
Dungeon (2/15)

Altars:
Jiyva


Innate Abilities, Weirdness & Mutations

You have a pair of antennae on your head.
You are surrounded by a mild repulsion field. (EV +2)


Message History

The acid corrodes the worm!
The worm bites you.
You slash the worm!
The worm is almost dead.
The jelly hits the worm.
The worm dies!
You hear a slurping noise.
Jiyva appreciates your sacrifice.
You enter the shallow water.
Moving in this stuff is going to be slow.
You enter the shallow water.
Moving in this stuff is going to be slow.
You hear a distant slurping noise.
Jiyva appreciates your sacrifice.
An orc comes into view. It is wielding a +0 hand axe.
The orc priest calls down the wrath of Beogh upon you.
Pain shoots through your body!
* * * LOW HITPOINT WARNING * * *
The orc priest invokes the aid of Beogh against you.
Beogh smites you!
You die...

#...≈≈.......≈# #.## #####...
#......≈≈.o≈≈≈###..###########.
.≈≈≈≈≈≈≈≈≈≈≈≈.................>
#.≈≈≈≈≈≈≈≈≈≈..###J..##########.
#≈.≈≈≈≈≈≈≈≈≈o.# #...## #####'
#≈≈≈≈≈≈..≈≈≈≈≈# #....# #.....
#≈≈≈≈≈≈_≈≈≈≈.≈# #....## #.....
#≈≈≈≈≈♣♣.≈≈≈≈.###.....# #.....
#≈.≈≈≈≈≈≈≈≈≈..@.......## #.....
#.≈≈≈≈≈≈≈≈≈≈.≈..J......# #.....
#≈≈≈≈≈≈≈≈≈≈≈≈≈.........#######'
#≈≈≈..≈≈..≈≈............# #.
#≈......≈.≈..≈........#.######.
#########......########......#.
######## ##.....#. #.....#.
#.....#.


You could see an orc priest, an orc (wandering) and a neutral jelly (wandering)
(fellow slime).

Vanquished Creatures
  Terence (D:2)
  3 gnolls (D:2)
  An adder (D:2)
  3 oozes (D:1)
  3 dart slugs (D:1)
  An orc (D:2)
  3 giant cockroaches
  4 goblins (D:1)
  4 hobgoblins (D:1)
  2 kobolds (D:1)
  2 quokkas (D:2)
  3 ball pythons (D:1)
  6 bats
  2 frilled lizards (D:1)
  4 rats (D:1)
42 creatures vanquished.

Vanquished Creatures (others)
  A worm (D:2)
  A rat (D:2)
2 creatures vanquished.

Grand Total: 44 creatures vanquished

Notes
Turn   | Place    | Note
-------+----------+-------------------------------------------
     0 | D:1      | JustSomeDude the Demonspawn Gladiator began the quest for
                  | the Orb.
     0 | D:1      | Reached XP level 1. HP: 16/16 MP: 1/1
   151 | D:1      | Gained mutation: You are surrounded by a mild repulsion
                  | field. (EV +2) [demonic ancestry]
   151 | D:1      | Reached XP level 2. HP: 21/22 MP: 2/2
   237 | D:1      | Gained mutation: You have a pair of small antennae on your
                  | head. [demonic ancestry]
   237 | D:1      | Reached XP level 3. HP: 25/27 MP: 3/3
  1056 | D:2      | Noticed Terence
  1072 | D:2      | Killed Terence
  1072 | D:2      | Gained mutation: You have a pair of antennae on your head.
                  | [demonic ancestry]
  1072 | D:2      | Reached XP level 4. HP: 24/34 MP: 4/4
  1386 | D:2      | Found a faded altar of an unknown god.
  1399 | D:2      | Became a worshipper of Jiyva Jaomupan the Shapeless
  1399 | D:2      | Reached * piety under Jiyva
  1430 | D:2      | Reached skill level 1 in Armour
  1467 | D:2      | Killed from afar by an orc priest

Illustrated notes

Levels and vault maps discovered:
D:1:      minmay_arrival_three_doors, layout_basic
D:2:      layout_basic, chequers_ecumenical_altar_island, uniq_terence,
          uniq_sigmund

Skill      XL: |  1  2  3  4 |
---------------+-------------+-----
Throwing       | 2 |  2.0
Axes           | 3 |  3.9
Dodging        | 3 |  3.3
Armour         | 1 |  1.1
Fighting       | |  2.4
Stealth        | |  0.1

Action                   |  1- 3 |  4- 6 || total
-------------------------+-------+-------++-------
Melee: War axe           |   109 |    24 ||   133
  Eat: Chunk             |     1 |     1 ||     2
Armor: Leather armour    |    38 |     5 ||    43
Dodge: Dodged            |   110 |    21 ||   131
